 Dungeon Crawl Stone Soup version 0.31-a0-982-g1816016f30 (webtiles) character file.

Game seed: 5700637578964935314

856 Descartes the Shield-Bearer (level 8, -6/64 HPs)
             Began as a Formicid Fighter on Nov 2, 2023.
             Mangled by Menkaure (16 damage)
             ... on level 6 of the Dungeon.
             The game lasted 00:07:21 (4586 turns).

Descartes the Shield-Bearer (Formicid Fighter)      Turns: 4586, Time: 00:07:22

Health: -6/64      AC: 13    Str: 27    XL:     8   Next: 22%
Magic:  8/8        EV:  8    Int:  7    God:
Gold:   315        SH:  5    Dex: 13    Spells: 7/7 levels left

rFire   . . .        B - +7 great sword of Iddimycs {drain, rElec Str+3}
rCold   . . .        c - +0 buckler
rNeg    . . .        k - +0 chain mail
rPois   .            (helmet unavailable)
rElec   +            p - +2 cloak {Stlth+}
rCorr   +            (no gloves)
SInv    +            (no boots)
Will    .....        (no amulet) Stlth
                     g - ring of resist corrosion
HPRegen 0.30/turn    (no ring)
MPRegen 0.11/turn

%: no passive effects
@: no status effects
A: permanent stasis, dig shafts and tunnels, antennae 3, four strong arms
a: Dig, Shaft Self


You were on level 6 of the Dungeon.
You visited 1 branch of the dungeon, and saw 6 of its levels.

You collected 315 gold pieces.

Inventory:

Hand Weapons
 a - a +0 war axe
 o - a +3 quarterstaff of chaos
 B - the +7 great sword of Iddimycs (weapon) {drain, rElec Str+3}
   (You found it on level 5 of the Dungeon)

   Str+3:     It affects your strength (+3).
   rElec:     It insulates you from electricity.
Missiles
 n - 2 javelins
 q - 2 poisoned darts
 y - 2 boomerangs
Armour
 b - a +0 scale mail
 c - a +0 buckler (worn)
 k - a +0 chain mail (worn)
 p - a +2 cloak of stealth (worn)
Jewellery
 g - a ring of resist corrosion (left hand)
 j - a ring of fire
 A - a ring of protection from fire
 C - an amulet of regeneration
Wands
 r - a wand of light (5)
 v - a wand of roots (4)
 z - a wand of digging (3)
Scrolls
 e - 3 scrolls of enchant weapon {unknown}
 f - 7 scrolls of identify {unknown}
 l - 2 scrolls of teleportation {unknown}
 m - 5 scrolls of fog {unknown}
 s - a scroll of immolation {unknown}
 u - a scroll of vulnerability {unknown}
 x - a scroll of amnesia {unknown}
Potions
 d - a potion of might
 h - a potion of curing
 i - a potion of resistance {unknown}
 t - 2 potions of lignification {unknown}
 w - 2 potions of mutation {unknown}
 D - a potion of invisibility {unknown}


   Skills:
 + Level 5.7 Fighting
 + Level 1.4 Long Blades
 - Level 4.4 Axes
 + Level 5.8 Armour
 + Level 6.9 Shields


You had 7 spell levels left.
You didn't know any spells.
Your spell library contained the following spells:

 Spells                   Type           Power      Damage    Failure   Level
 Magic Dart               Conj           0%         1d3       93%         1
 Sandblast                Erth           0%         2d4       93%         1
 Slow                     Hex            0%         N/A       93%         1
 Passwall                 Tmut/Erth      0%         N/A       98%         2
 Searing Ray              Conj           0%         2d4       98%         2
 Confusing Touch          Hex            0%         N/A       100%        3
 Sigil of Binding         Hex            0%         N/A       100%        3
 Stone Arrow              Conj/Erth      0%         3d7       100%        3
 Summon Guardian Golem    Hex/Summ       0%         N/A       100%        3
 Vampiric Draining        Necr           0%         2d6       100%        3
 Brom's Barrelling Bould  Conj/Erth      0%         2d3       100%        4
 Fulminant Prism          Conj/Hex       0%         3d5       100%        4
 Passage of Golubria      Tloc           0%         N/A       100%        4
 Silence                  Hex/Air        0%         N/A       100%        5
 Orb of Destruction       Conj           0%         9d5       100%        7
 Spellforged Servitor     Conj/Summ      0%         N/A       100%        7
 Lehudib's Crystal Spear  Conj/Erth      0%         10d2      100%        8


Dungeon Overview and Level Annotations

Branches:
Dungeon (6/15)
 Temple: D:4-7

Altars:
Dithmenos
Kikubaaqudgha
Makhleb
Qazlal

Shops:
D:2 (

Annotations:
D:6 Menkaure


Innate Abilities, Weirdness & Mutations

You cannot be hasted, slowed, berserked, paralysed or teleported.
You can dig through walls and to a lower floor.
You have a pair of large antennae on your head. (SInv)
Your four strong arms can wield two-handed weapons with a shield.


Message History

You are too injured to fight recklessly!
You are too injured to fight recklessly!
You are too injured to fight recklessly!
You are too injured to fight recklessly!
You are too injured to fight recklessly!
Unknown command.
The adder closely misses you. The adder bites you but does no damage.
You block Menkaure's attack. The adder barely misses you.
Menkaure murmurs in an indecipherable tongue.
Menkaure calls on the powers of darkness!
The adder convulses!
Your body is wracked with pain!
* * * LOW HITPOINT WARNING * * *
You miss the adder.
The adder is severely wounded.
The adder bites you but does no damage. You block the adder's attack.
Menkaure calls on the powers of darkness!
The adder convulses!
Your body is wracked with pain!
* * * LOW HITPOINT WARNING * * *
You miss the adder.
The adder is severely wounded.
The adder bites you but does no damage. You block the adder's attack.
Unknown command.
It was a potion of curing.
You feel better. The adder bites you.
* * * LOW HITPOINT WARNING * * *
The adder closely misses you.
You miss the adder.
The adder is severely wounded.
You block the adder's attack. The adder barely misses you.
You barely miss the adder.
The adder is severely wounded.
The adder barely misses you. The adder bites you but does no damage.
You slice the adder!!
You kill the adder!
Menkaure is no longer moving quickly.
Menkaure hits you.
* * * LOW HITPOINT WARNING * * *
You slash Menkaure!
Menkaure is heavily damaged.
Menkaure hits you!
You die...

##.# #.#...##.... ##.#
##.#..!....####
##.########.......!..~....#
##.).....##.[ #..~.~~!#
########.##.# #.~~~~..# #
#.##.# #.~.~...# # #.##.#
#.......# # #.##.#
#M####### # #.##.# #@# #
#.##.####.#
########.........#
.........######..#
########.# #..# ###.###
#..# #.....# #..#
#####.....####..#
##.........<.....#


You could see Menkaure.

Vanquished Creatures
  A black bear (D:4)
  A phantom (D:4)
  Blork the orc (D:5)
  3 vampire bats (D:3)
  2 jellies
  A hound (D:5)
  Crazy Yiuf (D:2)
  4 iguanas
  Ijyb (D:2)
  Natasha (D:2)
  2 orc wizards (D:5)
  Robin (D:3)
  6 adders
  A white imp (D:5)
  3 worms
  4 dart slugs
  11 orcs
  6 ball pythons
  7 bats
  3 bat skeletons (D:3)
  4 bat zombies (D:3)
  5 endoplasms
  2 giant cockroaches
  10 goblins
  8 hobgoblins
  4 jackals
  7 kobolds
  2 quokkas
  A frilled lizard (D:1)
  6 rats
109 creatures vanquished.

Notes
Turn   | Place    | Note
-------+----------+-------------------------------------------
     0 | D:1      | Descartes the Formicid Fighter began the quest for the Orb.
     0 | D:1      | Reached XP level 1. HP: 18/18 MP: 1/1
   158 | D:1      | Reached XP level 2. HP: 24/24 MP: 2/2
   409 | D:1      | Reached XP level 3. HP: 29/29 MP: 3/3
   867 | D:2      | Found Zedoa's Weapon Shop.
   914 | D:2      | Found a shadowy altar of Dithmenos.
  1072 | D:2      | Reached XP level 4. HP: 36/37 MP: 4/4
  1464 | D:2      | Found a runed translucent door.
  1465 | D:2      | Noticed Crazy Yiuf
  1472 | D:2      | Killed Crazy Yiuf
  1611 | D:2      | Noticed Natasha
  1616 | D:2      | Killed Natasha
  1617 | D:2      | Reached skill level 5 in Shields
  1617 | D:2      | Reached XP level 5. HP: 40/42 MP: 5/5
  1970 | D:3      | Found a burning altar of Makhleb.
  2177 | D:3      | Noticed Ijyb
  2178 | D:3      | Noticed Robin
  2218 | D:2      | Killed Ijyb
  2392 | D:3      | Killed Robin
  2482 | D:3      | Reached XP level 6. HP: 48/48 MP: 6/6
  2483 | D:3      | Found an ancient bone altar of Kikubaaqudgha.
  2739 | D:4      | Reached skill level 6 in Shields
  2739 | D:4      | Reached XP level 7. HP: 55/55 MP: 7/7
  2779 | D:4      | Reached skill level 5 in Armour
  2898 | D:4      | Reached skill level 5 in Fighting
  3490 | D:5      | Entered Level 5 of the Dungeon
  3616 | D:5      | Identified the +7 great sword of Iddimycs {drain, rElec
                  | Str+3}
  3736 | D:5      | HP: 1/56 [iguana (10)]
  3738 | D:5      | Reached XP level 8. HP: 2/63 MP: 8/8
  3965 | D:5      | Noticed Blork the orc
  3976 | D:5      | Killed Blork the orc
  3977 | D:5      | Reached skill level 1 in Long Blades
  4243 | D:5      | Found a stormy altar of Qazlal.
  4545 | D:6      | Identified the +9 short sword of the Fray {venom, rElec
                  | Dex+2}
  4570 | D:6      | Noticed Menkaure
  4586 | D:6      | Mangled by Menkaure

Illustrated notes

Levels and vault maps discovered:
D:1:      dpeg_arrival_castle, layout_loops_ring
D:2:      layout_basic, basic_altar, serial_shops, shop, uniq_natasha,
          uniq_crazy_yiuf_cottage
D:3:      layout_rooms, mainiacjoe_overflow_surrounded_room,
          kennysheep_vampire_church, nicolae_goblin_pals
D:4:      layout_loops_corners, reono_crystal_passage
D:5:      layout_basic, overflow_temple_1_default, uniq_blork_the_orc
D:6:      layout_loops_ring, minmay_temple_entry_proselytizer, dk_vineyard_3,
          uniq_menkaure

Skill      XL: |  1  2  3  4  5  6  7  8 |
---------------+-------------------------+-----
Armour         | 4 5 |  5.8
Fighting       | 4 5 |  5.7
Shields        | 5 6 |  6.9
Axes           | 3 4 |  4.4
Long Blades    | 1 |  1.4

Action                     |  1- 3 |  4- 6 |  7- 9 || total
---------------------------+-------+-------+-------++-------
  Melee: War axe           |    75 |    11 |       ||    86
         Quarterstaff      |       |    95 |    56 ||   151
         Great sword       |       |       |    44 ||    44
Ability: Dig               |       |     1 |       ||     1
    Use: Potion            |       |       |     1 ||     1
   Stab: Paralysed         |       |     1 |       ||     1
 Armour: Scale mail        |    46 |       |       ||    46
         Chain mail        |     5 |   103 |   130 ||   238
  Dodge: Dodged            |    34 |    48 |    56 ||   138
  Block: Buckler           |    23 |    47 |    43 ||   113

Table legend: (Time is in decaauts)
 A = Elapsed time spent in this place.
 B = Non-inter-level travel time spent in this place.
 C = Inter-level travel time spent in this place.
 D = Time resting spent in this place.
 E = Time spent auto-exploring this place.
 F = Levels seen in this place.
 G = Mean time per level.
                   A        B        C        D        E       F      G
               +--------+--------+--------+--------+--------+-----+--------+
         Total |   4703 |   4591 |    112 |      0 |   3749 |   6 |  783.8 |
       Dungeon |   4703 |   4591 |    112 |      0 |   3749 |   6 |  783.8 |
               +--------+--------+--------+--------+--------+-----+--------+

Top non-repeatable levels by time:
     D:2: 1042 daAuts
     D:5: 1034 daAuts
     D:4: 875 daAuts
     D:1: 829 daAuts
     D:3: 821 daAuts
     D:6: 98 daAuts
